Map: King Sejong Station LE

Players

Falkuric - Winner!

  • Race: Protoss Protoss

VOD

Have the link to the VOD?

Description

Time

  • Played on: June 30, 2016, 8 p.m.
  • Length: 9:06
Show
View Real Time Build Order
Export as new Build Order

Falkuric Protoss - Winner!

Build Orders:  

Get SALT Encoding   

  12  0:04  Probe (Chrono Boost)  
  12  0:18  Pylon  
  12  0:24  Probe (Chrono Boost)  
  12  0:34  Probe (Chrono Boost)  
  12  0:38  Gateway  
  12  0:45  Probe (Chrono Boost)  
  12  0:50  Assimilator  
  12  0:55  Assimilator  
  12  1:03  Probe (Chrono Boost)  
  12  1:11  Pylon  
  12  1:14  Probe (Chrono Boost)  
  12  1:24  Probe (Chrono Boost)  
  12  1:31  Cybernetics Core  
  12  1:43  Probe (Chrono Boost)  
  12  1:54  Probe (Chrono Boost)  
  12  1:59  Gateway  
  12  2:04  Probe (Chrono Boost)  
  12  2:18  Warp Gate (Chrono Boost)  
  12  2:32  Mothership Core  
  12  3:00  Robotics Facility  
  12  3:50  Probe  
  12  4:06  Probe  
  12  4:24  Stalker x2  
  12  4:47  Gateway  
  12  4:48  Gateway  
  12  5:00  Observer  
  12  5:07  Pylon  
  12  5:43  Sentry  
  12  6:05  Immortal (Chrono Boost)  
  12  6:12  Pylon  
  12  6:43  Immortal (Chrono Boost)  
  12  7:45  Adept x3  
Tags
 
Add a new tag
Caveats
  • Supply blocks, unpowered buildings, or Contaminate may cause inaccurate times.
  • Supply counts are checked every 10 seconds.